 Dungeon Crawl Stone Soup version 0.22-a0-351-g29664b4 (webtiles) character file.

411570 mhoghedin the Acrobat (level 24, -11/162 HPs)
             Began as a Kobold Hunter on Apr 12, 2018.
             Was the Champion of Ashenzari.
             Mangled by a titan (26 damage)
             ... on level 5 of the Vaults on Apr 13, 2018.
             The game lasted 02:28:35 (51505 turns).

mhoghedin the Acrobat (Kobold Hunter)              Turns: 51505, Time: 02:28:35

Health: -11/162    AC: 42    Str: 24    XL:     24   Next: 65%
Magic:  0/36       EV: 19    Int: 16    God:    Ashenzari [******]
Gold:   294        SH:  0    Dex: 16    Spells: 18/23 levels left

rFire    + + .     SeeInvis +   x - +9 broad axe (flame) (curse)
rCold    + . .     Gourm    .   (shield currently unavailable)
rNeg     + . .     Faith    .   n - +6 crystal plate armour (curse)
rPois    +         Spirit   +   (helmet restricted)
rElec    +         Reflect  .   T - scarf {rC+ rF+} (curse)
rCorr    .         Harm     .   A - +4 pair of gloves of the Valley {rF+} (curse)
MR       ++++.     Clarity  +   M - +1 pair of boots {run} (curse)
Stlth    ..........             d - amulet "Hykac" {Spirit Str+3} (curse)
HPRegen  0.37/turn              l - ring of Gegat {rElec rPois rN+ Str+3 Int-4}
MPRegen  0.25/turn              W - ring "Zyoptachuu" {*Drain +Blink MR++ Str+3 Int+3} (curse)

@: drained, quick
A: small, beak, horns 1, yellow scales 1, carnivore, magic resistance 1,
screaming 1, no potion heal 1
}: 2/15 runes: abyssal, gossamer
a: Curse Item, Scrying, Transfer Knowledge, Renounce Religion, Evoke Blink


You were on level 5 of the Vaults.
You worshipped Ashenzari.
Ashenzari was exalted by your worship.
You were not hungry.

You visited 6 branches of the dungeon, and saw 35 of its levels.
You visited the Abyss 1 time.
You also visited: Bailey and Ice Cave.

You collected 4974 gold pieces.
You spent 4680 gold pieces at shops.

Inventory:

Hand Weapons
 x - a cursed +9 broad axe of flaming (weapon)
   (You found it on level 3 of the Spider Nest)
Missiles
 j - 7 throwing nets {=f, !d}
Armour
 n - a cursed +6 crystal plate armour (worn)
   (You took it off an orc warrior in a bailey)
 A - the cursed +4 pair of gloves of the Valley (worn) {rF+}
   (You acquired it on level 3 of the Spider Nest)

   It protects you from fire.
   It has a curse placed upon it.
 M - a cursed +1 pair of boots of running (worn)
   (You bought it in a shop on level 2 of the Vaults)
 T - a cursed scarf of resistance (worn)
   (You bought it in a shop on level 12 of the Dungeon)
 X - the cursed +0 Maxwell's etheric cage {RegenMP+ *Contam rElec MP+4}
   (You acquired it on level 3 of the Spider Nest)

   It insulates you from electricity.
   It affects your magic capacity (+4).
   It causes magical contamination when unequipped.
   It has a curse placed upon it.
Jewellery
 d - the cursed amulet "Hykac" (around neck) {Spirit Str+3}
   (You found it on level 1 of the Lair of Beasts)

   [amulet of guardian spirit]

   It causes incoming damage to be split between your health and magic.
   It affects your strength (+3).
   It has a curse placed upon it.
 h - an uncursed ring of resist corrosion
   (You found it on level 1 of the Elven Halls)
 l - the ring of Gegat (left hand) {rElec rPois rN+ Str+3 Int-4}
   (You took it off a deep elf annihilator on level 3 of the Elven Halls)

   [ring of positive energy]

   It affects your strength (+3).
   It affects your intelligence (-4).
   It insulates you from electricity.
   It protects you from poison.
   It protects you from negative energy.
 u - a +5 ring of slaying
   (You found it on level 3 of the Elven Halls)
 C - an uncursed ring of flight {+Fly, !d}
   (You took it off a deep elf death mage on level 3 of the Elven Halls)
 J - the ring of Shadows {Umbra +Inv Stlth+}
   (You took it off a deep elf elementalist on level 3 of the Elven Halls)

   [ring of stealth]

   It lets you turn invisible.
   It makes you more stealthy.
 U - the ring of the Madman {rPois rF+ MR+ Int+2}
   (You took it off a deep elf annihilator on level 3 of the Elven Halls)

   [ring of protection from fire]

   It affects your intelligence (+2).
   It protects you from fire.
   It protects you from poison.
   It affects your resistance to hostile enchantments.
 W - the cursed ring "Zyoptachuu" (right hand) {*Drain +Blink MR++ Str+3 Int+3}
   (You found it in an ice cave)

   [ring of strength]

   It affects your strength (+3).
   It affects your intelligence (+3).
   It affects your resistance to hostile enchantments.
   It lets you blink.
   It causes draining when unequipped.
   It has a curse placed upon it.
Wands
 B - a wand of enslavement (22)
   (You found it on level 6 of the Dungeon)
 K - a wand of polymorph (36)
   (You took it off Pikel on level 9 of the Dungeon)
 L - a wand of disintegration (53)
   (You found it on level 14 of the Dungeon)
 P - a wand of flame (135)
   (You found it on level 11 of the Dungeon)
 R - a wand of paralysis (9)
   (You found it on level 1 of the Vaults)
 Z - a wand of iceblast (36)
   (You found it on level 1 of the Spider Nest)
Scrolls
 a - 4 scrolls of amnesia
 b - 3 scrolls of immolation {!r}
 g - 25 scrolls of identify
 k - 3 scrolls of blinking {!r}
 o - 9 scrolls of teleportation
 q - 9 scrolls of magic mapping {!r}
 s - 2 scrolls of remove curse
 w - 4 scrolls of brand weapon
 N - 4 scrolls of fear
 O - 2 scrolls of enchant weapon
 V - 2 scrolls of fog
Potions
 c - 12 potions of curing
 p - 4 potions of brilliance
 t - 3 potions of berserk rage {!q}
 E - 2 potions of cancellation
 G - 4 potions of flight
 I - a potion of haste
Miscellaneous
 i - a box of beasts
 m - a phial of floods (inert)
   (You bought it in a shop on level 2 of the Orcish Mines)
 r - a lightning rod (4/4)
   (You bought it in a shop on level 2 of the Orcish Mines)
 v - a lamp of fire
   (You bought it in a shop on level 12 of the Dungeon)
 H - a sack of spiders
Comestibles
 f - 58 rations


   Skills:
 + Level 19.8(18.8) Fighting
   Level 2.9(2.3) Long Blades
 - Level 12.5(17.0) Axes
   Level 9.6(8.8) Crossbows
 + Level 16.0(18.9) Armour
 + Level 21.2(20.2) Dodging
 - Level 9.8(9.0) Stealth
   Level 3.5(2.8) Shields
 - Level 1.5(2.9) Hexes
 - Level 2.7(4.5) Translocations
 + Level 19.9(21.1) Evocations


You had 18 spell levels left.
You knew the following spells:

 Your Spells              Type           Power        Failure   Level  Hunger
a - Tukima's Dance        Hex            #.......     99%         3    ####...
b - Blink                 Tloc           N/A          75%         2    ###....


Dungeon Overview and Level Annotations

Branches:
Dungeon (15/15)            Temple (0/1) D:7            Lair (6/6) D:9
 Shoals (0/4) Lair:3       Spider (4/4) Lair:4        Slime (0/5) Lair:6
    Orc (2/2) D:12            Elf (3/3) Orc:2        Vaults (5/5) D:14
  Crypt (0/3) Vaults:2     Depths (0/5) D:15

Altars:
Ashenzari
Elyvilon
Fedhas
Hepliaklqana
Qazlal
Trog
Zin
The Shining One
Beogh
Jiyva

Shops:
D:4 *   D:9 (?:*   D:12 %}[   Orc:2 }[**   Elf:1 =   Elf:2 *   Vaults:2 *

Annotations:
D:8 Maurice
Elf:2 1 runed door
Vaults:5 4thArraOfDagon's ghost, veteran OpFE


Innate Abilities, Weirdness & Mutations

You are small and have problems with some larger weapons.
You are carnivorous and can eat meat at any time.
You have a beak for a mouth.
You have a pair of small horns on your head.
You are partially covered in yellow scales. (AC +2)
You are resistant to hostile enchantments. (MR+)
You occasionally shout uncontrollably at your foes.
Potions are less effective at restoring your health.


Message History

The shadow dragon drains your elder stingweird beast!
The shadow dragon claws your elder stingweird beast but does no damage. x2
You slice the ironbrand convoker!! You burn the ironbrand convoker.
You peck the ironbrand convoker. The ironbrand convoker misses you.
Your elder stingweird beast hits the shadow dragon but does no damage.
Your elder stingweird beast closely misses the shadow dragon.
The shadow dragon breathes negative energy at your elder stingweird beast.
The bolt of negative energy hits your elder stingweird beast.
Your elder stingweird beast is drained!
You slice the ironbrand convoker!! You burn the ironbrand convoker.
You kill the ironbrand convoker!
Your base Armour skill increases to level 16!
Your elder stingweird beast hits the shadow dragon!!
Your elder stingweird beast stings the shadow dragon.
The shadow dragon dies!
You start resting.
You sense a monster nearby.
You regained 4 hp, and now have 94/162 hp.
You regained 2 mp, and now have 29/36 mp.
You start resting.
Unknown command. 4thArraOfDagon's ghost turns its malevolent gaze towards you.
Things that are here:
a +0 great mace; a +0 scale mail; a human corpse 4thArraOfDagon's ghost hits your elder stingweird beast but does no damage.
Your elder stingweird beast hits 4thArraOfDagon's ghost!
Your elder stingweird beast stings 4thArraOfDagon's ghost!
Here: an elder stingweird beast (almost dead, lightly drained, friendly, summoned)
The floor.
Here: an elder stingweird beast (almost dead, lightly drained, friendly, summoned)
The floor.
Unknown command.
Unknown command.
Unknown command.
Number of times to repeat, then command key: You must enter the number of times for the command to repeat.
Unknown command.
Here: 4thArraOfDagon's ghost (lightly damaged)
The floor.
Okay, then.
Unknown command.
Unknown command.
The metal wall shatters!
The blast of metal fragments hits your elder stingweird beast.
Your elder stingweird beast dies!
Your elder stingweird beast's corpse disappears in a puff of smoke!
Okay, then.
Unknown command. 4thArraOfDagon's ghost turns its malevolent gaze towards you. 4thArraOfDagon's ghost stares at you and mumbles some strange words.
A raging storm of fire appears!
The great blast of fire engulfs you! You partially resist.
You hear a shout! x3; You hear two shouts!
You hear a shout! x4 4 fire vortices come into view.
A fire vortex comes into view.
You are engulfed in blazing flames.
You resist.
The fire vortex moves out of view.
You take 24 damage, and have 74/162 hp.
You now have 24/36 mp.
You are engulfed in blazing flames.
You resist.
An ogre mage comes into view. It is wielding a flail.
You cut the fire vortex into ribbons!!! You barely miss the fire vortex.
The ogre mage barely misses you. 4thArraOfDagon's ghost casts a spell past you.
The metal wall shatters!
The blast of metal fragments hits you! The ogre mage casts a spell at you.
The bolt of lightning hits you! You resist.
You take 4 damage, and have 71/162 hp.
You now have 24/36 mp.
The ogre mage gestures at you while chanting.
You resist with almost no effort. 4thArraOfDagon's ghost stares at you and mumbles some strange words.
A raging storm of fire appears!
The great blast of fire engulfs you! You partially resist.
* * * LOW HITPOINT WARNING * * *
The great blast of fire engulfs the ogre mage.
The ogre mage dies!
You hear a shout! x3 3 fire vortices come into view.
You take 31 damage, and have 40/162 hp.
You now have 14/36 mp.
Unknown command.
You are engulfed in blazing flames.
You resist.
The fire vortex moves out of view.
You are engulfed in blazing flames.
You resist.
You see here a book of Debilitation.
As you read the scroll of teleportation, it crumbles to dust.
You feel strangely unstable.
Your surroundings suddenly seem different.
A vault warden comes into view.
Ashenzari warns you: It is wielding a long sword of holy wrath.
The vault warden shouts!
A titan comes into view.
The titan shouts!
The titan hits you!!
* * * LOW HITPOINT WARNING * * *
You see here an uncursed staff of energy {@w1+MP, hungerless spells, !d!a}.
You take 14 damage, and have 28/162 hp.
You now have 11/36 mp.
You slash the titan! You burn the titan. You completely miss the vault warden.
The vault warden hits you with a long sword of holy wrath!!
* * * LOW HITPOINT WARNING * * *
The titan hits you!!
You die...

** **** *****
* *** *, ,∆,,
,,, ,, ,, ,
,,, , , ,
,∆,, ,, ∆ , ,
* ** *** *
*##### , ,
,,* *,∆,,,
*#.... ,
,{### , ,,
,,**#... *, ,
#%(## , *, *
*#.( ,
#)p)##,,**,,*
*∆,##. * ,*,{
#)@.#*, **,,
,,## , *
###C.#* * ,*
(p ,,***
*#..# ,, *,,
##. ,, **
,*#..#* **,
,## *, ∆∆
**,, #...**,
* ,,# *∆ ,
*,, ##..** ,
, *∆ *,,*
,,,**. *** ,
* * * , * , *
,** ** * **
,**, ,** , *
,


You could see a titan and a vault warden.

Vanquished Creatures
  An ancient lich (Vaults:5)
  A juggernaut (Abyss:3)
  Saint Roka (Vaults:3)
  A golden dragon (Vaults:5)
  Arachne (Spider:2)
  Jorgrun (Vaults:4)
  3 liches
  Rupert (Lair:3)
  2 deep elf blademasters
  3 deep elf master archers (Elf:3)
  Gastronok (Lair:3)
  An ancient champion (Vaults:2)
  4 sphinxes
  The ghost of p0werm0de the Champion of Chaos, an adept DDFi of Makhleb (Vaults:1)
  Agnes (Spider:2)
  3 tengu reavers
  A storm dragon (Vaults:4)
  3 fire giants
  5 deep elf sorcerers
  5 frost giants
  A cacodemon (Abyss:3)
  4 ghost moths
  8 emperor scorpions
  3 angels
  15 vault wardens
  Louise (Elf:3)
  A ghoul (Vaults:2)
  14 ironheart preservers
  3 deep elf elementalists (Elf:3)
  5 stone giants
  2 ophanim (Abyss:3)
  A war gargoyle (Vaults:4)
  7 very ugly things
  4 entropy weavers
  Nessos (Lair:6)
  2 deep elf demonologists (Elf:3)
  9 deep elf annihilators
  A spark wasp (Spider:4)
  6 deep elf death magi
  4 ettins
  Snorg (Lair:5)
  An eidolon (Vaults:3)
  Josephine (D:14)
  9 yaktaur captains
  7 deep elf high priests
  A great orb of eyes (Vaults:3)
  4 rakshasas
  40 vault guards
  3 ice dragons
  8 hydras
  13 ogre magi
  4 catoblepae
  Erica (Orc:1)
  10 death yaks (Lair:6)
  A satyr (shapeshifter) (D:13)
  27 dancing weapons
  2 death knights
  9 centaur warriors
  48 two-headed ogres
  Urug (D:14)
  A queen ant (shapeshifter) (Vaults:5)
  2 tengu warriors
  3 orc high priests
  5 thrashing horrors (Abyss:3)
  Sonja (Lair:3)
  15 deep elf knights
  A wretched star (Abyss:3)
  2 shadow wraiths
  The ghost of Kairos the Cleaver, a novice FoFi of Okawaru (D:7)
  An unseen horror (shapeshifter) (Vaults:5)
  5 deep trolls
  2 cherubim (Abyss:3)
  2 wizards (Vaults:3)
  2 unseen horrors
  A glowing orange brain (Vaults:1)
  2 sixfirhies (Abyss:3)
  21 deep elf archers
  A necromancer (Vaults:3)
  10 ironbrand convokers
  44 wolf spiders
  14 harpies
  6 phantasmal warriors
  Pikel (D:9)
  67 deep elf magi
  43 ugly things
  8 orc knights
  13 orb spiders
  A worldbinder (Abyss:3)
  A shadow dragon skeleton (Vaults:3)
  9 orc sorcerers
  4 manticores
  A sphinx skeleton (Vaults:3)
  A moth of wrath (shapeshifter) (Vaults:1)
  10 cyclopes
  A moth of wrath (Spider:2)
  6 black mambas
  Joseph (D:8)
  6 elephants (Lair:6)
  2 ice statues (IceCv)
  A stone giant skeleton (Vaults:3)
  A smoke demon (Abyss:3)
  12 vault sentinels
  A guardian serpent (Spider:4)
  A human skeleton (Vaults:3)
  10 spiny frogs
  40 yaktaurs
  11 freezing wraiths
  A kobold demonologist (D:15)
  4 rime drakes
  2 tengu conjurers
  17 demonic crawlers
  7 komodo dragons
  2 hellwings (D:11)
  41 jumping spiders
  The ghost of mhoghedin the Vexing, a novice KoEn of Vehumet (D:5)
  3 meliai (D:12)
  2 queen bees (shapeshifter)
  A troll (shapeshifter) (Vaults:1)
  A polar bear (Lair:6)
  6 hornets
  4 trolls
  A merfolk (Lair:3)
  7 raiju (Abyss:3)
  A wind drake (Spider:4)
  12 slime creatures
  A slime creature (shapeshifter) (Vaults:5)
  19 blink frogs
  A hippogriff (shapeshifter) (Vaults:4)
  4 large abominations
  2 snapping turtles (shapeshifter)
  6 hippogriffs
  A meliai zombie (D:11)
  Sigmund (D:5)
  78 redbacks
  4 flying skulls (Abyss:3)
  2 shadows
  52 yaks
  24 tarantellas
  5 wraiths
  5 wyverns
  An air elemental (Elf:3)
  2 fire elementals (Elf:3)
  4 water elementals
  Grum (D:9)
  A chaos spawn (Abyss:3)
  4 fire bats (D:11)
  3 golden eyes (shapeshifter)
  13 basilisks
  2 hungry ghosts (D:12)
  3 wargs
  8 vampire mosquitoes
  Edmund (D:5)
  A soldier ant (D:14)
  6 insubstantial wisps
  2 acid dragons (D:15)
  A hell hound (D:11)
  A small abomination (Abyss:3)
  2 porcupines
  15 water moccasins
  A slave (D:9)
  A swamp drake (Lair:2)
  3 sky beasts
  27 ice beasts
  2 hornet zombies
  33 orc warriors
  A black bear (D:12)
  2 eyes of draining
  A necrophage (D:10)
  3 boggarts (Vaults:1)
  28 ogres
  14 centaurs
  2 wolves (D:9)
  A big kobold (D:10)
  11 crocodiles
  18 bullfrogs
  Blork the orc (D:5)
  A big kobold (shapeshifter) (Vaults:3)
  2 gnoll sergeants
  A wyvern zombie (D:11)
  2 earth elementals
  3 wyvern skeletons (D:11)
  2 scorpions
  11 killer bees
  27 wights
  8 electric eels
  2 howler monkeys (D:11)
  2 lava snakes (D:11)
  A starcursed mass (Abyss:3)
  9 crimson imps
  2 quasits
  4 centaur zombies
  5 bullfrog skeletons
  2 jellies (D:6)
  7 centaur skeletons
  6 hounds
  27 orc priests
  Crazy Yiuf (D:5)
  29 orc wizards
  7 iguanas
  Ijyb (D:5)
  15 worker ants
  A killer bee zombie (D:5)
  A hound zombie (D:9)
  A worker ant zombie (D:6)
  A howler monkey zombie (D:6)
  13 gnolls
  9 adders
  7 shadow imps
  An ooze (D:5)
  3 adder zombies
  3 worms
  2 dart slugs
  3 leopard geckos
  103 orcs
  3 giant cockroaches (D:2)
  8 goblins
  7 hobgoblins
  17 jackals
  7 kobolds
  2 quokkas
  A ball python zombie (D:5)
  9 bats
  7 frilled lizards
  5 rats
  3 fire vortices
  6 fungi
  2 plants
  A withered plant (D:11)
1658 creatures vanquished.

Vanquished Creatures (collateral kills)
  A tentacled monstrosity (Vaults:5)
  A deep elf blademaster (Elf:3)
  A shadow dragon (Vaults:5)
  A deep elf elementalist (Elf:3)
  An ironheart preserver (Vaults:5)
  A spark wasp (Spider:4)
  An ettin (Vaults:5)
  An ice dragon (Vaults:4)
  An alligator (Spider:2)
  A death yak (Lair:6)
  A deep elf knight (D:14)
  6 ironbrand convokers
  A phantasmal warrior (Vaults:5)
  2 orc knights
  An ugly thing (Vaults:3)
  4 orb spiders (Spider:4)
  A hippogriff (D:14)
  A redback (Spider:2)
  8 orc warriors
  An orc wizard (Vaults:3)
  6 orcs
42 creatures vanquished.

Vanquished Creatures (others)
  2 ogre magi
  A thrashing horror (Abyss:3)
  An orb spider (Spider:4)
  2 dancing weapons
  A slave (D:9)
  An orc warrior (D:14)
  An ogre (Vaults:3)
  A centaur (Vaults:2)
  A gnoll (D:9)
  A fire vortex (D:11)
  6 fungi
  20 plants
38 creatures vanquished.

Grand Total: 1738 creatures vanquished

Notes
Turn   | Place    | Note
-------+----------+-------------------------------------------
     0 | D:1      | mhoghedin the Kobold Hunter began the quest for the Orb.
     0 | D:1      | Reached XP level 1. HP: 12/12 MP: 1/1
   153 | D:1      | Reached skill level 5 in Crossbows
   155 | D:1      | Reached XP level 2. HP: 16/18 MP: 2/2
   204 | D:1      | Reached skill level 3 in Dodging
   406 | D:1      | Reached XP level 3. HP: 20/22 MP: 3/3
   719 | D:2      | Reached skill level 3 in Fighting
   738 | D:2      | Reached XP level 4. HP: 28/28 MP: 4/4
   895 | D:2      | Noticed a sky beast
   927 | D:2      | Killed a sky beast
   927 | D:2      | Reached skill level 6 in Crossbows
   927 | D:2      | Reached skill level 4 in Dodging
   927 | D:2      | Reached XP level 5. HP: 25/33 MP: 5/5
  1644 | D:3      | Found a shattered altar of Ashenzari.
  1656 | D:3      | Reached skill level 4 in Fighting
  1656 | D:3      | Reached XP level 6. HP: 38/38 MP: 6/6
  1696 | D:3      | Became a worshipper of Ashenzari the Shackled
  1944 | D:3      | Found a faded altar of an unknown god.
  1968 | D:3      | Reached skill level 5 in Dodging
  2194 | D:3      | Reached XP level 7. HP: 37/44 MP: 7/7
  2699 | D:4      | Identified the ring of Dogma {+Fly rF- rC+++ MR+ EV+2}
  2716 | D:4      | Reached * piety under Ashenzari
  2726 | D:4      | Found Kuiwuh's General Store.
  2732 | D:4      | Bought a scroll of remove curse for 33 gold pieces
  2881 | D:4      | Got the uncursed leather armour of Peek-a-Boo {rPois rF+ Str-2 Int+5}
  2942 | D:4      | Identified the +2 leather armour of Peek-a-Boo {rPois rF+ Str-2 Int+5} (You found it on level 4 of the Dungeon)
  2955 | D:5      | Entered Level 5 of the Dungeon
  3061 | D:5      | Reached skill level 5 in Fighting
  3061 | D:5      | Reached skill level 7 in Crossbows
  3099 | D:5      | Noticed Blork the orc
  3114 | D:5      | Killed Blork the orc
  3285 | D:5      | Noticed Ijyb
  3291 | D:5      | Killed Ijyb
  3323 | D:5      | Noticed Edmund
  3336 | D:5      | Killed Edmund
  3336 | D:5      | Reached skill level 6 in Dodging
  3355 | D:5      | Reached XP level 8. HP: 40/50 MP: 6/8
  3379 | D:5      | Noticed mhoghedin's ghost (novice KoEn)
  3382 | D:5      | Killed mhoghedin's ghost
  3382 | D:5      | Reached skill level 6 in Fighting
  3382 | D:5      | Reached skill level 8 in Crossbows
  3494 | D:5      | Noticed Sigmund
  3502 | D:5      | Killed Sigmund
  3511 | D:5      | Reached skill level 7 in Dodging
  3712 | D:5      | Found a runed door.
  3951 | D:5      | Got the long sword of the End of Times {holy, Dex+9}
  3952 | D:5      | Identified the +8 long sword of the End of Times {holy, Dex+9} (You found it on level 5 of the Dungeon)
  4090 | D:5      | Noticed Crazy Yiuf
  4093 | D:5      | Killed Crazy Yiuf
  4222 | D:6      | Reached skill level 7 in Fighting
  4222 | D:6      | Reached XP level 9. HP: 47/57 MP: 9/9
  4351 | D:6      | Reached skill level 9 in Crossbows
  4389 | D:6      | Reached skill level 8 in Dodging
  4484 | D:6      | Reached ** piety under Ashenzari
  5014 | D:7      | Noticed Kairos's ghost (novice FoFi)
  5050 | D:7      | Killed Kairos's ghost
  5050 | D:7      | Reached skill level 8 in Fighting
  5050 | D:7      | Reached skill level 1 in Long Blades
  5050 | D:7      | Reached skill level 9 in Dodging
  5205 | D:7      | Reached skill level 2 in Long Blades
  5208 | D:7      | Reached XP level 10. HP: 55/65 MP: 8/10
  5353 | D:7      | Reached skill level 9 in Fighting
  5458 | D:7      | Got the war axe of the Hills {freeze, *Drain rC+ Str+3 Int+4}
  5459 | D:7      | Identified the +12 war axe of the Hills {freeze, *Drain rC+ Str+3 Int+4} (You found it on level 7 of the Dungeon)
  5515 | D:7      | Reached skill level 1 in Axes
  5587 | D:7      | Reached skill level 10 in Dodging
  5712 | D:7      | Found a staircase to the Ecumenical Temple.
  5891 | D:7      | Learned a level 3 spell: Tukima's Dance
  6176 | D:8      | Reached skill level 1 in Evocations
  6198 | D:8      | Noticed Maurice
  6411 | D:8      | Reached skill level 1 in Hexes
  6458 | D:8      | Noticed a two-headed ogre
  6546 | D:8      | Reached skill level 2 in Evocations
  6562 | D:8      | Noticed Joseph
  6580 | D:8      | Killed Joseph
  6580 | D:8      | Reached skill level 2 in Axes
  6891 | D:8      | Found a shattered altar of Ashenzari.
  6903 | D:8      | Reached skill level 3 in Axes
  6907 | D:8      | Killed a two-headed ogre
  6907 | D:8      | Reached skill level 4 in Axes
  6994 | D:8      | Reached *** piety under Ashenzari
  7133 | D:8      | Found a bloodstained altar of Trog.
  7134 | D:8      | Found a hazy altar of Hepliaklqana.
  7135 | D:8      | Found a stormy altar of Qazlal.
  7137 | D:8      | Found a glowing golden altar of the Shining One.
  7366 | D:9      | Reached skill level 5 in Axes
  7366 | D:9      | Reached XP level 11. HP: 71/71 MP: 12/12
  7393 | D:9      | Found Gaceq's Changing Room.
  7483 | D:9      | Found Yptupno's Book Shop.
  7494 | D:9      | Noticed Pikel
  7520 | D:9      | Killed Pikel
  7634 | D:9      | Reached skill level 6 in Axes
  7673 | D:9      | Noticed Grum
  7680 | D:9      | Reached skill level 3 in Evocations
  7698 | D:9      | Killed Grum
  7977 | D:9      | Found a blossoming altar of Fedhas.
  8029 | D:9      | Found Ibrohyab's Antique Weapon Shop.
  8058 | D:9      | Reached skill level 4 in Evocations
  8085 | D:9      | Found a staircase to the Lair.
  8281 | D:9      | Bought a book of Minor Magic for 260 gold pieces
  8284 | D:9      | Learned a level 2 spell: Blink
  8379 | D:9      | Found Moqadeoq's Magic Scroll Emporium.
  8384 | D:9      | Bought a scroll of remove curse for 30 gold pieces
  8384 | D:9      | Bought a scroll of remove curse for 30 gold pieces
  8387 | D:9      | Identified a scroll of acquirement
  8461 | Lair:1   | Entered Level 1 of the Lair of Beasts
  8501 | Lair:1   | Reached skill level 1 in Translocations
  8506 | Lair:1   | Reached skill level 7 in Axes
  8510 | Lair:1   | Reached skill level 5 in Evocations
  8512 | Lair:1   | Reached skill level 2 in Translocations
  8911 | Lair:1   | Identified the amulet "Hykac" {Spirit Str+3}
  9426 | Lair:2   | Reached **** piety under Ashenzari
  9463 | Lair:2   | Reached skill level 1 in Shields
  9590 | Lair:2   | Reached skill level 6 in Evocations
  9596 | Lair:2   | Reached XP level 12. HP: 50/76 MP: 9/16
 10000 | Lair:3   | Noticed Rupert
 10059 | Lair:3   | Noticed Sonja
 10061 | Lair:3   | Killed Sonja
 10247 | Lair:3   | Found a staircase to the Shoals.
 10274 | Lair:3   | Reached skill level 2 in Shields
 10465 | Lair:3   | Noticed Gastronok
 10485 | Lair:3   | Killed Gastronok
 10485 | Lair:3   | Reached skill level 10 in Fighting
 10512 | Lair:3   | Killed Rupert
 10512 | Lair:3   | Reached skill level 8 in Axes
 10512 | Lair:3   | Reached skill level 11 in Dodging
 10512 | Lair:3   | Reached skill level 3 in Shields
 10512 | Lair:3   | Reached skill level 7 in Evocations
 10762 | Lair:4   | Reached ***** piety under Ashenzari
 10765 | Lair:4   | Found a hole to the Spider Nest.
 11065 | Lair:4   | Noticed an eight-headed hydra
 11082 | Lair:4   | Killed a 12-headed hydra
 11360 | Lair:4   | Reached skill level 8 in Evocations
 11735 | Lair:5   | Reached XP level 13. HP: 82/83 MP: 19/19
 11754 | Lair:5   | Noticed an eight-headed hydra
 11763 | Lair:5   | Killed an eight-headed hydra
 11888 | Lair:5   | Reached skill level 11 in Fighting
 11983 | Lair:5   | Noticed Snorg
 11993 | Lair:5   | Killed Snorg
 11993 | Lair:5   | Reached skill level 9 in Evocations
 11994 | Lair:5   | Reached skill level 12 in Dodging
 12053 | Lair:5   | Noticed an eight-headed hydra
 12065 | Lair:5   | Killed an eight-headed hydra
 12065 | Lair:5   | Reached skill level 9 in Axes
 12752 | Lair:6   | Entered Level 6 of the Lair of Beasts
 12752 | Lair:6   | Found a viscous altar of Jiyva.
 12752 | Lair:6   | Found a staircase to the Slime Pits.
 13202 | Lair:6   | Noticed Nessos
 13214 | Lair:6   | Killed Nessos
 13219 | Lair:6   | Reached skill level 10 in Evocations
 13535 | Lair:6   | Reached XP level 14. HP: 90/91 MP: 19/21
 13569 | Lair:6   | Reached skill level 12 in Fighting
 13865 | Lair:6   | Reached skill level 13 in Dodging
 14092 | Lair:6   | Reached skill level 11 in Evocations
 14189 | Lair:6   | Reached skill level 10 in Axes
 15037 | Lair:6   | Reached skill level 13 in Fighting
 15229 | Lair:6   | Reached skill level 14 in Dodging
 15599 | D:10     | Entered Level 10 of the Dungeon
 15958 | D:10     | Reached XP level 15. HP: 98/98 MP: 23/23
 16172 | D:10     | Identified the +6 long sword of Arrival {slice, rN++}
 16324 | D:11     | Reached skill level 12 in Evocations
 16780 | D:11     | Identified the Tome of Noxious Darkness
 16955 | D:11     | Identified the +8 quarterstaff of the Vestibule of Hell {freeze, MR+}
 17222 | D:12     | Found Ziehugin's Food Shoppe.
 17265 | D:12     | Found Fuafophexesm's Antique Armour Shoppe.
 17308 | D:12     | HP: 18/99 [meliai/divine providence (10)]
 17665 | D:12     | Bought a pair of embroidered gloves for 202 gold pieces
 17665 | D:12     | Bought a glowing scarf for 216 gold pieces
 17756 | D:12     | Found Wuff's Gadget Shop.
 17809 | D:12     | Reached ****** piety under Ashenzari
 18039 | D:12     | Found a staircase to the Orcish Mines.
 18510 | Orc:1    | Entered Level 1 of the Orcish Mines
 18860 | Orc:1    | Paralysed by an orc sorcerer for 5 turns
 19031 | D:13     | Found a flagged portal.
 19052 | Bailey   | Entered a bailey
 19523 | D:13     | Reached skill level 1 in Armour
 19649 | D:13     | Reached skill level 2 in Armour
 19661 | D:13     | Identified the cursed +0 leather armour "Jiezal" {Dex+2}
 19668 | D:13     | Reached skill level 3 in Armour
 19670 | D:13     | Identified the amulet "Mat Mabe" {Gourm rC++}
 19703 | D:13     | Found a runed door.
 19895 | D:13     | Identified the Collected Works on Displacement and Damage Dealing
 19904 | D:13     | Found a runed door.
 19913 | D:13     | Found a runed door.
 19971 | D:13     | Noticed an azure jelly
 19977 | D:13     | an azure jelly changed into a catoblepas
 19982 | D:13     | Reached skill level 4 in Armour
 19999 | D:13     | Reached skill level 5 in Armour
 20612 | D:14     | Noticed Josephine
 20623 | D:14     | Killed Josephine
 20633 | D:14     | Noticed Urug
 20666 | D:14     | Killed Urug
 20666 | D:14     | Reached skill level 6 in Armour
 21192 | D:14     | Reached XP level 16. HP: 90/104 MP: 22/25
 21203 | D:14     | Reached skill level 7 in Armour
 21534 | D:14     | Reached skill level 8 in Armour
 21982 | D:14     | Found a gate to the Vaults.
 22102 | D:15     | Entered Level 15 of the Dungeon
 22202 | D:15     | Reached skill level 9 in Armour
 22283 | D:15     | Found a frozen archway.
 22321 | IceCv    | Entered an ice cave
 22663 | IceCv    | Identified the ring of the Endless Expanse {Ice rN+}
 22663 | IceCv    | Identified the ring "Hyssydiwa" {rPois Str+4 Int-4 Dex+3 Stlth-}
 22671 | IceCv    | Reached skill level 10 in Armour
 22685 | IceCv    | Identified the ring "Zyoptachuu" {*Drain +Blink MR++ Str+3 Int+3}
 22862 | D:15     | Found a staircase to the Depths.
 22865 | D:15     | Noticed a fire giant
 22884 | D:15     | Killed a fire giant
 23640 | Orc:1    | Found a bloodstained altar of Trog.
 23674 | Orc:1    | Noticed Erica
 23681 | Orc:1    | Killed Erica
 23864 | Orc:2    | Entered Level 2 of the Orcish Mines
 23888 | Orc:2    | Found a roughly hewn altar of Beogh.
 23962 | Orc:2    | Found a staircase to the Elven Halls.
 23994 | Orc:2    | HP: 20/104 [orc priest/divine providence (10)]
 23995 | Orc:2    | HP: 9/104 [orc priest/divine providence (12)]
 24001 | Orc:2    | HP: 17/104 [orc warrior/trident (4)]
 24499 | Orc:2    | Reached skill level 11 in Armour
 24592 | Orc:2    | Reached XP level 17. HP: 110/110 MP: 26/26
 24662 | Orc:2    | Found Ymojeamp's Armour Emporium.
 24662 | Orc:2    | Found Ciuph's Gadget Emporium.
 24663 | Orc:2    | Found Dicaukaz's Assorted Antiques.
 24667 | Orc:2    | Found Tigaops's Assorted Antiques.
 24672 | Orc:2    | Bought a scroll of remove curse for 108 gold pieces
 24692 | Orc:2    | Bought a phial of floods for 560 gold pieces
 24692 | Orc:2    | Bought a lightning rod (4/4) for 560 gold pieces
 24692 | Orc:2    | Bought a sack of spiders for 280 gold pieces
 24710 | Orc:2    | Reached skill level 11 in Axes
 25409 | Spider:1 | Entered Level 1 of the Spider Nest
 26174 | Spider:1 | Reached skill level 13 in Evocations
 26351 | Spider:1 | Reached skill level 15 in Dodging
 26753 | Spider:2 | Reached skill level 14 in Fighting
 27365 | Spider:2 | Noticed Agnes
 27371 | Spider:2 | Killed Agnes
 27648 | Spider:2 | Noticed Arachne
 27671 | Spider:2 | Killed Arachne
 28346 | Spider:2 | Reached XP level 18. HP: 117/117 MP: 28/28
 28693 | Spider:3 | Identified the cursed +7 arbalest of Pandemonium {penet, MR+ Int+2 Dex+3 SInv} (You acquired it on level 3 of the Spider Nest)
 28735 | Spider:3 | Identified the cursed +4 pair of gloves of the Valley {rF+} (You acquired it on level 3 of the Spider Nest)
 28737 | Spider:3 | Found the cursed +0 Maxwell's etheric cage {RegenMP+ *Contam rElec MP+4}
 29259 | Spider:4 | Entered Level 4 of the Spider Nest
 29259 | Spider:4 | Identified the +6 halberd of Zuedos {flame, +Inv rF- Dex+4}
 29297 | Spider:4 | Reached skill level 14 in Evocations
 29939 | Spider:4 | Reached skill level 12 in Armour
 29939 | Spider:4 | Reached skill level 16 in Dodging
 30266 | Spider:4 | Reached skill level 15 in Fighting
 31396 | Spider:4 | Got a gossamer rune of Zot
 31937 | Elf:1    | Entered Level 1 of the Elven Halls
 32172 | Elf:1    | Found a ruined gateway.
 32174 | Elf:1    | Found a white marble altar of Elyvilon.
 32174 | Elf:1    | Found a glowing silver altar of Zin.
 32203 | Elf:1    | Found a glowing golden altar of the Shining One.
 32287 | Elf:1    | Reached XP level 19. HP: 79/124 MP: 30/30
 32492 | Elf:1    | Reached skill level 12 in Axes
 33003 | Elf:1    | Found Kikhleleo's Jewellery Shoppe.
 33130 | Elf:1    | Reached skill level 15 in Evocations
 33735 | Elf:2    | Found Rosm's General Store.
 34068 | Elf:2    | Found a runed door.
 34267 | Elf:2    | Found a runed door.
 34378 | Elf:2    | Noticed a deep elf blademaster
 34396 | Elf:2    | Killed a deep elf blademaster
 34747 | Elf:2    | Reached skill level 17 in Dodging
 35382 | Elf:3    | Entered Level 3 of the Elven Halls
 35734 | Elf:3    | Reached skill level 16 in Fighting
 35935 | Elf:3    | Noticed a deep elf blademaster
 35956 | Elf:3    | Killed a deep elf blademaster
 35966 | Elf:3    | Reached skill level 13 in Armour
 36172 | Elf:3    | Identified the ring of Gegat {rElec rPois rN+ Str+3 Int-4} (You took it off a deep elf annihilator on level 3 of the Elven Halls)
 36177 | Elf:3    | Cast into level 3 of the Abyss (halberd of distortion)
 36327 | Abyss:3  | Reached skill level 2 in Stealth
 36327 | Abyss:3  | Reached XP level 20. HP: 93/131 MP: 30/31
 36341 | Abyss:3  | Reached skill level 3 in Stealth
 36519 | Abyss:3  | Reached skill level 4 in Stealth
 36619 | Abyss:3  | Reached skill level 5 in Stealth
 36632 | Abyss:3  | Reached skill level 6 in Stealth
 36689 | Abyss:3  | Noticed a bone dragon
 36699 | Abyss:3  | Reached skill level 7 in Stealth
 36736 | Abyss:3  | Found a glowing golden altar of the Shining One.
 36743 | Abyss:3  | Reached skill level 8 in Stealth
 36760 | Abyss:3  | Noticed a juggernaut
 36762 | Abyss:3  | Got an abyssal rune of Zot
 36769 | Abyss:3  | Killed a juggernaut
 36769 | Abyss:3  | Reached skill level 9 in Stealth
 36829 | Elf:3    | Escaped the Abyss
 36838 | Elf:3    | HP: 31/132 [purple very ugly thing (10)]
 37175 | Elf:3    | Identified the +3 plate armour "Sesatemo" {Int+2} (You took it off a deep elf high priest on level 3 of the Elven Halls)
 37228 | Elf:3    | Noticed a Hell Sentinel
 37229 | Elf:3    | Reached skill level 16 in Evocations
 37325 | Elf:3    | Identified the ring of the Invisible Scars {rElec Slay+3 Stlth+} (You took it off a deep elf high priest on level 3 of the Elven Halls)
 37325 | Elf:3    | Identified the cursed +1 fire dragon scales "Mazod" {rF++ rC- MR+++ Str-2 Dex+2 SInv} (You took it off a deep elf high priest on level 3 of the Elven Halls)
 37378 | Elf:3    | Identified the +1 quarterstaff of Ruination {antimagic, +Inv} (You took it off a deep elf elementalist on level 3 of the Elven Halls)
 37393 | Elf:3    | Noticed Louise
 37401 | Elf:3    | Identified the ring of the Madman {rPois rF+ MR+ Int+2} (You took it off a deep elf annihilator on level 3 of the Elven Halls)
 37408 | Elf:3    | Killed Louise
 38375 | Elf:3    | Identified the +4 scale mail "Xeluicupp" {Str+3 Int-2 Dex+2} (You took it off an orc warrior on level 3 of the Elven Halls)
 38452 | Elf:3    | Identified the Tome of Gliding Enchantment
 38456 | Elf:3    | Identified the Handbook of Mezcal
 39014 | Vaults:1 | Entered Level 1 of the Vaults
 39015 | Vaults:1 | Reached XP level 21. HP: 137/137 MP: 33/33
 39131 | Vaults:1 | Reached skill level 18 in Dodging
 39222 | Vaults:1 | Identified the cursed +2 shortbow of Change {freeze, rN+ Int-2 Dex+8}
 39409 | Vaults:1 | Reached skill level 17 in Fighting
 39662 | Vaults:1 | Noticed p0werm0de's ghost (adept DDFi)
 39702 | Vaults:1 | Killed p0werm0de's ghost
 40069 | Vaults:1 | Reached skill level 17 in Evocations
 40652 | Vaults:1 | Identified the +5 whip "Hipt" {slash, Int+4 Stlth+} (You took it off a yaktaur on level 1 of the Vaults)
 41030 | Vaults:2 | Reached skill level 14 in Armour
 41068 | Vaults:2 | Gained mutation: You are clumsy. (Dex -2) [mutagenic glow]
 41133 | Vaults:2 | Gained mutation: Your body sometimes deteriorates upon taking damage. [mutagenic glow]
 41484 | D:9      | Bought a potion of mutation for 112 gold pieces
 41484 | D:9      | Bought a potion of mutation for 112 gold pieces
 41484 | D:9      | Lost mutation: You are clumsy. (Dex -2) [potion of mutation]
 41484 | D:9      | Lost mutation: Your body sometimes deteriorates upon taking damage. [potion of mutation]
 41484 | D:9      | Gained mutation: You are clumsy. (Dex -2) [potion of mutation]
 41484 | D:9      | Gained mutation: You are resistant to electric shocks. (rElec) [potion of mutation]
 41485 | D:9      | Lost mutation: You are clumsy. (Dex -2) [potion of mutation]
 41485 | D:9      | Lost mutation: You are resistant to electric shocks. (rElec) [potion of mutation]
 41485 | D:9      | Gained mutation: You have a pair of small antennae on your head. [potion of mutation]
 41485 | D:9      | Gained mutation: You are resistant to hostile enchantments. (MR+) [potion of mutation]
 41486 | D:9      | Lost mutation: You have a pair of small antennae on your head. [potion of mutation]
 41486 | D:9      | Lost mutation: You are resistant to hostile enchantments. (MR+) [potion of mutation]
 41486 | D:9      | Gained mutation: Scrolls take you a little longer to read. [potion of mutation]
 41486 | D:9      | Gained mutation: You have large cloven feet. [potion of mutation]
 41486 | D:9      | Gained mutation: You have hoof-like feet. [potion of mutation]
 41487 | D:9      | Lost mutation: You have hoof-like feet. [potion of mutation]
 41487 | D:9      | Lost mutation: Scrolls take you a little longer to read. [potion of mutation]
 41487 | D:9      | Lost mutation: You have large cloven feet. [potion of mutation]
 41487 | D:9      | Gained mutation: Your body sometimes deteriorates upon taking damage. [potion of mutation]
 41487 | D:9      | Gained mutation: You are partially covered in large bone plates. (SH +4) [potion of mutation]
 41487 | D:9      | Gained mutation: You are resistant to hostile enchantments. (MR+) [potion of mutation]
 41487 | D:9      | Gained mutation: You are highly resistant to hostile enchantments. (MR++) [potion of mutation]
 41488 | D:9      | Lost mutation: Your body sometimes deteriorates upon taking damage. [potion of mutation]
 41488 | D:9      | Lost mutation: You are partially covered in large bone plates. (SH +4) [potion of mutation]
 41488 | D:9      | Lost mutation: You are highly resistant to hostile enchantments. (MR++) [potion of mutation]
 41488 | D:9      | Gained mutation: You are frail. (-10% HP) [potion of mutation]
 41488 | D:9      | Gained mutation: You passively map a small area around you. [potion of mutation]
 41514 | D:9      | Gained mutation: Your spells are a little easier to cast, but a little less powerful. [mutagenic glow]
 41564 | D:9      | Gained mutation: You tend to lose your temper in combat. [mutagenic glow]
 41599 | D:9      | Gained mutation: You are clumsy. (Dex -2) [mutagenic glow]
 41643 | D:9      | Lost mutation: You are resistant to hostile enchantments. (MR+) [mutagenic glow]
 41693 | D:9      | Gained mutation: You are weak. (Str -2) [mutagenic glow]
 41733 | D:9      | Gained mutation: You often lose your temper in combat. [mutagenic glow]
 41791 | D:9      | Gained mutation: You do not regenerate when monsters are visible. [mutagenic glow]
 41867 | D:9      | Gained mutation: Your magical capacity is low. (-10% MP) [mutagenic glow]
 41887 | D:9      | Gained mutation: You have an uncontrollable temper. [mutagenic glow]
 42380 | Orc:2    | Bought 2 potions of mutation for 576 gold pieces
 42380 | Orc:2    | Lost mutation: You are weak. (Str -2) [potion of mutation]
 42380 | Orc:2    | Lost mutation: You are clumsy. (Dex -2) [potion of mutation]
 42380 | Orc:2    | Lost mutation: You are frail. (-10% HP) [potion of mutation]
 42380 | Orc:2    | Gained mutation: You occasionally shout uncontrollably at your foes. [potion of mutation]
 42380 | Orc:2    | Gained mutation: You have a beak for a mouth. [potion of mutation]
 42381 | Orc:2    | Lost mutation: Your magical capacity is low. (-10% MP) [potion of mutation]
 42381 | Orc:2    | Lost mutation: Your spells are a little easier to cast, but a little less powerful. [potion of mutation]
 42381 | Orc:2    | Lost mutation: You have an uncontrollable temper. [potion of mutation]
 42381 | Orc:2    | Lost mutation: You passively map a small area around you. [potion of mutation]
 42381 | Orc:2    | Lost mutation: You often lose your temper in combat. [potion of mutation]
 42381 | Orc:2    | Gained mutation: You are resistant to hostile enchantments. (MR+) [potion of mutation]
 42598 | D:4      | Bought a potion of mutation for 88 gold pieces
 42598 | D:4      | Lost mutation: You are resistant to hostile enchantments. (MR+) [potion of mutation]
 42598 | D:4      | Lost mutation: You tend to lose your temper in combat. [potion of mutation]
 42598 | D:4      | Lost mutation: You do not regenerate when monsters are visible. [potion of mutation]
 42598 | D:4      | Gained mutation: You are partially covered in yellow scales. (AC +2) [potion of mutation]
 42598 | D:4      | Gained mutation: You are resistant to hostile enchantments. (MR+) [potion of mutation]
 42598 | D:4      | Gained mutation: Potions are less effective at restoring your health. [potion of mutation]
 42598 | D:4      | Gained mutation: You have a pair of small horns on your head. [potion of mutation]
 42910 | Vaults:2 | Found Hiyrauq's General Store.
 42984 | Vaults:2 | Reached XP level 22. HP: 96/145 MP: 30/34
 43014 | Vaults:2 | HP: 24/146 [ghoul (16)]
 43017 | Vaults:2 | HP: 8/146 [ghoul (9)]
 43018 | Vaults:2 | Reached skill level 19 in Dodging
 43024 | Vaults:2 | HP: 22/146 [poisoned by a redback]
 43030 | Vaults:2 | HP: 22/146 [poisoned by a redback]
 43038 | Vaults:2 | HP: 22/146 [poisoned by a redback]
 43458 | Vaults:2 | Bought a +1 pair of boots of running for 511 gold pieces
 44201 | Vaults:2 | Found a staircase to the Crypt.
 44806 | Vaults:2 | Reached skill level 18 in Fighting
 45623 | Vaults:3 | Reached skill level 18 in Evocations
 46179 | Vaults:2 | Bought a scroll of remove curse for 42 gold pieces
 46885 | Vaults:3 | Reached XP level 23. HP: 153/153 MP: 36/36
 47034 | Vaults:4 | Noticed Saint Roka
 47286 | Vaults:3 | Killed Saint Roka
 47286 | Vaults:3 | Reached skill level 15 in Armour
 47530 | Vaults:4 | Reached skill level 20 in Dodging
 47885 | Vaults:4 | Noticed Jorgrun
 47908 | Vaults:4 | Killed Jorgrun
 48593 | Vaults:4 | Reached skill level 19 in Fighting
 48841 | D:12     | Bought a box of beasts for 320 gold pieces
 48841 | D:12     | Bought a lamp of fire for 640 gold pieces
 49160 | Vaults:4 | Reached skill level 19 in Evocations
 49728 | Vaults:5 | Entered Level 5 of the Vaults
 49728 | Vaults:5 | Identified the cursed +1 hand crossbow of Popular Demand {freeze, *Slow +Fly rF+ rC+}
 49735 | Vaults:5 | Reached XP level 24. HP: 115/160 MP: 25/36
 49739 | Vaults:5 | Noticed 4thArraOfDagon's ghost (veteran OpFE)
 49803 | Vaults:5 | Noticed an ancient lich
 49815 | Vaults:5 | HP: 38/161 [yaktaur captain/bolt (9)]
 50713 | Vaults:5 | Reached skill level 21 in Dodging
 50748 | Vaults:5 | Noticed an ancient lich
 50816 | Vaults:5 | HP: 28/162 [lich/crystal spear (33)]
 50867 | Vaults:5 | Noticed a golden dragon
 50869 | Vaults:5 | HP: 37/162 [orc knight/bardiche (7)]
 51406 | Vaults:5 | Killed an ancient lich
 51417 | Vaults:5 | Killed a golden dragon
 51465 | Vaults:5 | Reached skill level 16 in Armour
 51496 | Vaults:5 | HP: 40/162 [4thArraOfDagon's ghost/great blast of fire (31)]
 51504 | Vaults:5 | HP: 28/162 [titan (15)]
 51505 | Vaults:5 | Mangled by a titan

Vault maps used:
D:1:      erik_arrival_blinker_ship, minmay_pentomino_x2
D:2:      serial_bayou_lake_a
D:3:      chequers_ecumenical_altar_simple, first_ration,
          cheibrodos_ashenzari_chains
D:4:      serial_shops, nicolae_shop_trees
D:5:      uniq_edmund, uniq_sigmund, uniq_blork_the_orc, uniq_ijyb,
          uniq_crazy_yiuf_cottage
D:6:      patterned_corridor
D:7:      minmay_temple_entry_water_ring, grunt_ogre_cave
D:8:      minitemple, uniq_joseph, uniq_maurice
D:9:      fedhas_altar_4, david_lair_shrubbed, serial_shops, nicolae_shop_trees,
          kennysheep_mini, kennysheep_little_box, nicolae_transmutations_shop,
          uniq_grum, uniq_pikel
D:11:     cheibrodos_grave_circle, hangedman_abyss_or_decor_slice,
          hangedman_incinerator
D:12:     hiddenorc1_lemuel, serial_shops, kennysheep_mini_moat, shop,
          shop_fountains
D:13:     minmay_the_grid_four_pointed_star, enter_bailey_1
D:14:     grunt_vaults_entry_fortified, minmay_misc_feat_room, uniq_josephine,
          uniq_urug
D:15:     grunt_enter_depths_giant_problem, minmay_door_square,
          portal_ice_cave_entry_ice_beasts
Lair:1:   grunt_megastairs_2
Lair:2:   pond
Lair:3:   elwin_shoals_entry_rooms, st_stairs_8, lemuel_fruit_tree,
          serial_bayou_shore_b, uniq_gastronok, uniq_sonja, uniq_rupert
Lair:4:   spider_nest_entry_rubble
Lair:5:   uniq_snorg
Lair:6:   evilmike_catoblepas_cave, slime_altar_1, st_stairs_4,
          serial_bayou_pond_b, grunt_megastairs_3, uniq_nessos
Spider:2: nicolae_arachne_temple, uniq_agnes
Spider:4: grunt_spider_rune_circles, nicolae_orb_island
Orc:1:    basic_altar, trog_hazing_becter, uniq_erica
Orc:2:    st_orc_mages, mines2_david
Elf:1:    portal_desolation_entry_holy_temple, serial_shops, shop,
          kennysheep_underground_church
Elf:2:    serial_shops, shop
Elf:3:    minmay_elf_hall_furrowed, stair_cage_line, hangedman_elf_simple_split,
          einodemon_crawler_minivault, uniq_louise
Vaults:1: ontoclasm_vaults_spin, hangedman_vaults_stagger, hangedman_vaults_hat,
          vaults_room_guarded_vault, nicolae_vaults_three_branches,
          nicolae_vaults_twisting_passages, vaults_room_large_hall, v_misc_25,
          nicolae_vaults_little_squares_4, hangedman_vaults_maws,
          nicolae_vaults_rhombus_7
Vaults:2: grunt_vaults_focal, nicolae_vaults_ninety_degrees,
          vaults_room_door_hall, vaults_room_large_hall, v_alt_pattern_2,
          minmay_crypt_entry_simple_statues, nicolae_vaults_ring_of_whatevers,
          nicolae_vaults_specimen_jars, v_misc_10, nicolae_vaults_display_case,
          serial_shops, nicolae_shop_stone
Vaults:3: st_more_cells, nicolae_vaults_network_quincunx, v_misc_22,
          nicolae_vaults_little_squares_6, ontoclasm_vaults_loading_screen,
          nicolae_vaults_big_angled_halls, ontoclasm_vaults_hangar,
          dpeg_vaults_monster_box, ontoclasm_vaults_twist, v_misc_9, v_misc_24,
          nicolae_vaults_alarming, v_alt_pattern_2, v_misc_2, v_misc_25
Vaults:4: vaults_room_corners, nicolae_vaults_windows_and_doors_thing,
          vaults_room_corners, vaults_dpeg_hooks, grunt_vaults_funnel,
          nicolae_vaults_quadrants, hangedman_vaults_slice,
          nicolae_vaults_disjoint_gnomons, vaults_room_hallway,
          ontoclasm_vaults_misaligned, vaults_mumra_lcd, grunt_vaults_diagonal,
          ontoclasm_vaults_loading_screen, v_misc_19, vaults_room_door_ring,
          uniq_saint_roka, uniq_jorgrun
Abyss:3:  kilobyte_mutagenic_chamber, nicolae_abyss_rune_left_handed
Bailey:   bailey_polearm_1, bailey
IceCv:    ice_cave_small_dragons

Skill      XL: |  1  2  3  4  5  6  7  8  9 10 11 12 13 14 15 16 17 18 19 20 21 22 23 24 |
---------------+-------------------------------------------------------------------------+-----
Crossbows      | 5 6 7 8 9 |  9.6
Dodging        | 3 4 5 6 7 9 10 11 12 14 15 16 17 18 19 20 21 | 21.2
Fighting       | 3 4 5 7 8 9 10 11 13 14 15 16 17 18 19 | 19.8
Long Blades    | 2 |  2.9
Axes           | 5 7 8 9 10 11 12 | 12.5
Evocations     | 2 6 8 10 11 12 13 14 15 16 17 18 19 | 19.9
Hexes          | 1 |  1.5
Translocations | 2 |  2.7
Shields        | 1 3 |  3.5
Armour         | 6 11 12 13 14 15 16 | 16.0
Stealth        | 2 9 |  9.8

Action                   |  1- 3 |  4- 6 |  7- 9 | 10-12 | 13-15 | 16-18 | 19-21 | 22-24 || total
-------------------------+-------+-------+-------+-------+-------+-------+-------+-------++-------
Melee: Dagger            |    10 |       |       |       |       |       |       |       ||    10
       Long sword        |       |       |    73 |    38 |       |       |       |       ||   111
       War axe           |       |       |       |   321 |   943 |  1246 |       |       ||  2510
       Broad axe         |       |       |       |       |       |    80 |  1216 |   934 ||  2230
       Headbutt          |       |       |       |       |       |       |    20 |   251 ||   271
       Peck              |       |       |       |       |       |       |    15 |   258 ||   273
 Fire: Hand crossbow     |    56 |   141 |   185 |       |       |       |       |       ||   382
 Cast: Tukima's Dance    |       |       |       |     7 |       |       |       |       ||     7
Invok: Curse Item        |       |     2 |     1 |     3 |     3 |     1 |     1 |     1 ||    12
 Abil: Evoke Invisibilit |       |       |       |       |       |       |     3 |     1 ||     4
Evoke: Wand              |       |       |    22 |    22 |    43 |    40 |    25 |     8 ||   160
       Box of beasts     |       |       |       |       |     1 |       |       |     4 ||     5
       Sack of spiders   |       |       |       |       |       |     2 |       |       ||     2
       Phial of floods   |       |       |       |       |       |     2 |     3 |     9 ||    14
       Lightning rod     |       |       |       |       |       |     1 |    12 |       ||    13
       Lamp of fire      |       |       |       |       |       |       |       |     1 ||     1
  Use: Scroll            |       |     1 |     8 |    10 |    12 |    26 |     4 |    12 ||    73
       Potion            |       |       |     6 |     1 |     2 |     2 |    13 |    14 ||    38
 Stab: Sleeping          |       |       |     1 |     3 |     1 |       |       |       ||     5
       Paralysed         |       |       |       |     4 |    23 |     8 |       |       ||    35
       Held in net/web   |       |       |       |       |       |     1 |       |       ||     1
       Distracted        |       |       |       |       |       |       |     1 |     3 ||     4
       Invisible         |       |       |       |       |       |       |    10 |       ||    10
  Eat: Chunk             |     6 |       |    16 |    15 |    35 |    36 |    30 |    16 ||   154
       Ration            |       |       |       |       |       |     3 |       |     5 ||     8
Armor: Leather armour    |    13 |     5 |    27 |    51 |    44 |       |       |       ||   140
       Crystal plate arm |       |       |       |       |    57 |   686 |   653 |   542 ||  1938
Dodge: Dodged            |    46 |    27 |   165 |   412 |   623 |   840 |   707 |   654 ||  3474
Block: Buckler           |       |       |       |    49 |   306 |   520 |       |       ||   875
       Rpst.: Long sword |       |       |    30 |    18 |       |       |       |       ||    48

Table legend:
 A = Spawn XP
 B = Non-spawn XP
 C = Spawn XP percentage of total XP
 D = Spawn monster count
 E = Non-spawn monster count
 F = Spawn count percentage of total count
 G = Total turns spent on level
                    A         B        C        D         E        F      G
               +---------+---------+-------+---------+---------+-------+---------
         Total |   15474 |  755952 |   2.0 |      30 |    1661 |   1.8 | 51505
               +---------+---------+-------+---------+---------+-------+---------
           D:1 |       0 |      34 |   0.0 |       0 |      20 |   0.0 |   702
           D:2 |       0 |     222 |   0.0 |       0 |      23 |   0.0 |   964
           D:3 |       0 |     320 |   0.0 |       0 |      41 |   0.0 |   919
           D:4 |       0 |      81 |   0.0 |       0 |       4 |   0.0 |   557
           D:5 |       0 |    1088 |   0.0 |       0 |      16 |   0.0 |  1313
           D:6 |       0 |    1224 |   0.0 |       0 |      34 |   0.0 |   864
           D:7 |       0 |    2300 |   0.0 |       0 |      33 |   0.0 |  1212
           D:8 |       0 |    2448 |   0.0 |       0 |      23 |   0.0 |  1275
           D:9 |       0 |    2852 |   0.0 |       0 |      31 |   0.0 |  2295
          D:10 |       0 |    2610 |   0.0 |       0 |      34 |   0.0 |   792
          D:11 |       0 |    6504 |   0.0 |       0 |      43 |   0.0 |   816
          D:12 |       0 |    5029 |   0.0 |       0 |      52 |   0.0 |  1912
          D:13 |       0 |   11967 |   0.0 |       0 |      38 |   0.0 |  1239
          D:14 |       0 |   20734 |   0.0 |       0 |      51 |   0.0 |  1870
          D:15 |       0 |   20590 |   0.0 |       0 |      53 |   0.0 |  1016
        Lair:1 |       0 |    3768 |   0.0 |       0 |      19 |   0.0 |  1047
        Lair:2 |       0 |    1499 |   0.0 |       0 |      12 |   0.0 |   439
        Lair:3 |       0 |    6535 |   0.0 |       0 |       8 |   0.0 |   946
        Lair:4 |       0 |    5090 |   0.0 |       0 |      15 |   0.0 |  1163
        Lair:5 |       0 |   12244 |   0.0 |       0 |      43 |   0.0 |  1381
        Lair:6 |       0 |   31884 |   0.0 |       0 |      75 |   0.0 |  2335
      Spider:1 |       0 |   15283 |   0.0 |       0 |      44 |   0.0 |  1267
      Spider:2 |       0 |   35891 |   0.0 |       0 |      77 |   0.0 |  1799
      Spider:3 |       0 |   12033 |   0.0 |       0 |      39 |   0.0 |   772
      Spider:4 |       0 |   34489 |   0.0 |       0 |      72 |   0.0 |  2181
         Orc:1 |       0 |    2337 |   0.0 |       0 |      19 |   0.0 |   292
         Orc:2 |       0 |    6589 |   0.0 |       0 |      57 |   0.0 |  1402
         Elf:1 |       0 |   31410 |   0.0 |       0 |      53 |   0.0 |  1759
         Elf:2 |       0 |   30138 |   0.0 |       0 |      38 |   0.0 |  1765
         Elf:3 |    1407 |   65719 |   2.1 |       1 |      71 |   1.4 |  2794
      Vaults:1 |       0 |   53753 |   0.0 |       0 |      76 |   0.0 |  2538
      Vaults:2 |       0 |   73409 |   0.0 |       0 |      93 |   0.0 |  2614
      Vaults:3 |       0 |   69420 |   0.0 |       0 |     103 |   0.0 |  2280
      Vaults:4 |       0 |   87489 |   0.0 |       0 |     125 |   0.0 |  3019
      Vaults:5 |       0 |   73981 |   0.0 |       0 |      70 |   0.0 |   428
       Abyss:3 |   14067 |   18099 |  43.7 |      29 |      16 |  64.4 |   652
        Bailey |       0 |    1436 |   0.0 |       0 |      20 |   0.0 |   392
         IceCv |       0 |    5453 |   0.0 |       0 |      20 |   0.0 |   494
               +---------+---------+-------+---------+---------+-------+---------

Vault maps used:
D:1:      erik_arrival_blinker_ship, minmay_pentomino_x2
D:2:      serial_bayou_lake_a
D:3:      chequers_ecumenical_altar_simple, first_ration,
          cheibrodos_ashenzari_chains
D:4:      serial_shops, nicolae_shop_trees
D:5:      uniq_edmund, uniq_sigmund, uniq_blork_the_orc, uniq_ijyb,
          uniq_crazy_yiuf_cottage
D:6:      patterned_corridor
D:7:      minmay_temple_entry_water_ring, grunt_ogre_cave
D:8:      minitemple, uniq_joseph, uniq_maurice
D:9:      fedhas_altar_4, david_lair_shrubbed, serial_shops, nicolae_shop_trees,
          kennysheep_mini, kennysheep_little_box, nicolae_transmutations_shop,
          uniq_grum, uniq_pikel
D:11:     cheibrodos_grave_circle, hangedman_abyss_or_decor_slice,
          hangedman_incinerator
D:12:     hiddenorc1_lemuel, serial_shops, kennysheep_mini_moat, shop,
          shop_fountains
D:13:     minmay_the_grid_four_pointed_star, enter_bailey_1
D:14:     grunt_vaults_entry_fortified, minmay_misc_feat_room, uniq_josephine,
          uniq_urug
D:15:     grunt_enter_depths_giant_problem, minmay_door_square,
          portal_ice_cave_entry_ice_beasts
Lair:1:   grunt_megastairs_2
Lair:2:   pond
Lair:3:   elwin_shoals_entry_rooms, st_stairs_8, lemuel_fruit_tree,
          serial_bayou_shore_b, uniq_gastronok, uniq_sonja, uniq_rupert
Lair:4:   spider_nest_entry_rubble
Lair:5:   uniq_snorg
Lair:6:   evilmike_catoblepas_cave, slime_altar_1, st_stairs_4,
          serial_bayou_pond_b, grunt_megastairs_3, uniq_nessos
Spider:2: nicolae_arachne_temple, uniq_agnes
Spider:4: grunt_spider_rune_circles, nicolae_orb_island
Orc:1:    basic_altar, trog_hazing_becter, uniq_erica
Orc:2:    st_orc_mages, mines2_david
Elf:1:    portal_desolation_entry_holy_temple, serial_shops, shop,
          kennysheep_underground_church
Elf:2:    serial_shops, shop
Elf:3:    minmay_elf_hall_furrowed, stair_cage_line, hangedman_elf_simple_split,
          einodemon_crawler_minivault, uniq_louise
Vaults:1: ontoclasm_vaults_spin, hangedman_vaults_stagger, hangedman_vaults_hat,
          vaults_room_guarded_vault, nicolae_vaults_three_branches,
          nicolae_vaults_twisting_passages, vaults_room_large_hall, v_misc_25,
          nicolae_vaults_little_squares_4, hangedman_vaults_maws,
          nicolae_vaults_rhombus_7
Vaults:2: grunt_vaults_focal, nicolae_vaults_ninety_degrees,
          vaults_room_door_hall, vaults_room_large_hall, v_alt_pattern_2,
          minmay_crypt_entry_simple_statues, nicolae_vaults_ring_of_whatevers,
          nicolae_vaults_specimen_jars, v_misc_10, nicolae_vaults_display_case,
          serial_shops, nicolae_shop_stone
Vaults:3: st_more_cells, nicolae_vaults_network_quincunx, v_misc_22,
          nicolae_vaults_little_squares_6, ontoclasm_vaults_loading_screen,
          nicolae_vaults_big_angled_halls, ontoclasm_vaults_hangar,
          dpeg_vaults_monster_box, ontoclasm_vaults_twist, v_misc_9, v_misc_24,
          nicolae_vaults_alarming, v_alt_pattern_2, v_misc_2, v_misc_25
Vaults:4: vaults_room_corners, nicolae_vaults_windows_and_doors_thing,
          vaults_room_corners, vaults_dpeg_hooks, grunt_vaults_funnel,
          nicolae_vaults_quadrants, hangedman_vaults_slice,
          nicolae_vaults_disjoint_gnomons, vaults_room_hallway,
          ontoclasm_vaults_misaligned, vaults_mumra_lcd, grunt_vaults_diagonal,
          ontoclasm_vaults_loading_screen, v_misc_19, vaults_room_door_ring,
          uniq_saint_roka, uniq_jorgrun
Abyss:3:  kilobyte_mutagenic_chamber, nicolae_abyss_rune_left_handed
Bailey:   bailey_polearm_1, bailey
IceCv:    ice_cave_small_dragons

Table legend:
 A = Turns spent in this place as a percentage of turns spent in the entire game.
 B = Non-inter-level travel turns spent in this place as a percentage of non-inter-level travel turns spent in the entire game.
 C = Inter-level travel turns spent in this place as a percentage of turns spent in this place.
 D = Turns resting spent in this place as a percentage of non-inter-level travel turns spent in this place.
 E = Turns spent auto-exploring this place as a percentage of non-inter-level travel turns spent in this place.
 F = Non-inter-level travel turns spent in this place divided by the number of levels of this place that you've seen.
                   A       B       C       D       E      F
               +-------+-------+-------+-------+-------+----------------------
         Total | 100.0 | 100.0 |   8.3 |  33.2 |  41.8 | 1243.4
       Dungeon |  34.5 |  32.6 |  13.2 |  25.0 |  53.7 | 1027.3
          Lair |  14.2 |  14.5 |   6.2 |  28.8 |  51.4 | 1143.0
   Spider Nest |  11.7 |  12.3 |   3.3 |  37.3 |  34.7 | 1455.2
  Orcish Mines |   3.3 |   3.2 |   9.9 |  33.4 |  43.4 | 763.0
   Elven Halls |  12.3 |  13.0 |   2.9 |  45.7 |  31.6 | 2045.3
        Vaults |  21.1 |  21.1 |   8.4 |  41.2 |  31.4 | 1992.2
         Abyss |   1.3 |   1.4 |   0.0 |  21.5 |   1.8 | 652.0
        Bailey |   0.8 |   0.8 |   0.0 |   0.0 |  15.6 | 392.0
      Ice Cave |   1.0 |   1.0 |   0.0 |  25.1 |  30.8 | 494.0
               +-------+-------+-------+-------+-------+----------------------

Table legend:
 A = Kills in this place as a percentage of kills in entire the game.
 B = Kills by you in this place as a percentage of kills by you in the entire game.
 C = Kills by friends in this place as a percentage of kills by friends in the entire game.
 D = Other kills in this place as a percentage of other kills in the entire game.
 E = Experience gained in this place as a percentage of experience gained in the entire game.
 F = Experience gained in this place divided by the number of levels of this place that you have seen.
                   A       B       C       D       E      F
               +-------+-------+-------+-------+-------+----------------------
         Total | 100.0 | 100.0 | 100.0 | 100.0 | 100.0 | 20300.7
       Dungeon |  29.3 |  30.0 |   4.8 |  25.0 |  10.1 | 5200.2
          Lair |  10.2 |  10.4 |   2.4 |   0.0 |   7.9 | 10170.0
   Spider Nest |  13.7 |  13.6 |  16.7 |  25.0 |  12.7 | 24424.0
  Orcish Mines |   4.5 |   4.6 |   0.0 |   0.0 |   1.2 | 4463.0
   Elven Halls |   9.6 |   9.6 |  11.9 |   0.0 |  16.7 | 42891.3
        Vaults |  27.6 |  27.1 |  50.0 |  25.0 |  46.4 | 71610.4
         Abyss |   2.7 |   2.7 |   0.0 |  25.0 |   4.2 | 32166.0
        Bailey |   1.2 |   0.9 |  14.3 |   0.0 |   0.2 | 1436.0
      Ice Cave |   1.2 |   1.2 |   0.0 |   0.0 |   0.7 | 5453.0
               +-------+-------+-------+-------+-------+----------------------
